 Dungeon Crawl Stone Soup version 0.29-a0-998-g1987434951 (webtiles) character file.

Game seed: 3944514972033858687

1745 siradein the Ruffian (level 8, 0/78 HPs)
             Began as a Troll Transmuter on Aug 5, 2022.
             Was an Initiate of Gozag.
             Slain by a killer bee (8 damage)
             ... on level 7 of the Dungeon.
             The game lasted 00:07:47 (4818 turns).

siradein the Ruffian (Troll Transmuter)             Turns: 4818, Time: 00:07:49

Health: 0/78       AC:  4    Str: 19    XL:     8   Next: 77%
Magic:  11/12      EV: 10    Int: 11    God:    Gozag
Gold:   635        SH:  0    Dex: 10    Spells: 10/13 levels left

rFire   . . .      SeeInvis .     - Unarmed
rCold   . . .      Faith    .   (no shield)
rNeg    . . .      Spirit   .   a - +0 robe
rPois   .          Reflect  .   (helmet restricted)
rElec   .          Harm     .   (no cloak)
rCorr   .          Rampage  .   (gloves unavailable)
Will    .....                   (boots unavailable)
Stlth   +.........              (no amulet)
HPRegen 1.03/turn               (no ring)
MPRegen 0.13/turn               (no ring)

@: lethally poisoned (0 -> 0), wereblooded (expiring), gold aura
A: large, unfitting armour, claws 3, regeneration 1, shaggy fur 1, tough skin 1
a: Renounce Religion, Potion Petition, Call Merchant, Bribe Branch


You were on level 7 of the Dungeon.
You worshipped Gozag.
Gozag was pleased with you.
You visited 1 branch of the dungeon, and saw 7 of its levels.

You collected 666 gold pieces.
You paid 31 gold pieces to Gozag.

Inventory:

Armour
 a - a +0 robe (worn)
Wands
 n - a wand of flame (7)
Scrolls
 c - 3 scrolls of butterflies {unknown}
 d - 2 scrolls of poison {unknown}
 e - 5 scrolls of teleportation
 g - 2 scrolls of blinking {unknown}
 i - a scroll of summoning {unknown}
 j - a scroll of amnesia {unknown}
 o - a scroll of acquirement {unknown}
 p - 3 scrolls of noise {unknown}
 q - a scroll of enchant weapon {unknown}
 t - 4 scrolls of vulnerability {unknown}
 v - a scroll of fear {unknown}
 x - a scroll of identify
Potions
 b - a potion of lignification
 f - 7 potions of curing
 h - a potion of attraction
 k - a potion of flight
 l - 2 potions of invisibility {unknown}
 m - a potion of might
 r - a potion of resistance {unknown}
 s - a potion of brilliance {unknown}
 u - a potion of mutation {unknown}
 w - a potion of berserk rage {unknown}


   Skills:
 + Level 4.1 Fighting
 + Level 4.4 Dodging
 + Level 5.8 Unarmed Combat
 + Level 3.4 Spellcasting
 + Level 4.0 Transmutations


You had 10 spell levels left.
You knew the following spells:

 Your Spells              Type           Power      Damage    Failure   Level
a - Beastly Appendage     Tmut           20%        N/A       4%          1
b - Wereblood             Tmut           10%        N/A       8%          2

Your spell library contained the following spells:

 Spells                   Type           Power      Damage    Failure   Level
 Foxfire                  Conj/Fire      4%         2x1d4     26%         1
 Spider Form              Tmut/Pois      6%         N/A       32%         3
 Conjure Flame            Conj/Fire      1%         6-21      58%         3
 Inner Flame              Hex/Fire       1%         N/A       58%         3
 Ice Form                 Ice/Tmut       6%         N/A       73%         4
 Flame Wave               Conj/Fire      1%         2d4       94%         4
 Fulminant Prism          Conj/Hex       0%         3d6       94%         4
 Iskenderun's Mystic Bla  Conj/Tloc      1%         2d3       94%         4
 Lee's Rapid Deconstruct  Erth           0%         3d5*      100%        5


Dungeon Overview and Level Annotations

Branches:
Dungeon (7/15)             Temple (0/1) D:4

Altars:
Dithmenos
Elyvilon
Gozag
Hepliaklqana
Makhleb
Trog
Uskayaw

Shops:
D:1 [   D:6 :


Innate Abilities, Weirdness & Mutations

You are too large for most types of armour.
You have claws for hands.
Your natural rate of healing is unusually fast.
You are covered in fur. (AC +1)
You have tough skin. (AC +1)


Message History

The kobold is distracted by your dazzling golden aura.
The kobold brigand barely misses you. The killer bee stings you.
You see here 6 gold pieces.
Your primal bloodlust is almost over.
You feel sick.
The white imp is no longer distracted by gold.
The kobold is no longer distracted by gold.
The killer bee barely misses you. The killer bee completely misses you.
The orc barely misses you.
The killer bee attacks as you move away!
The killer bee stings you.
* * * LOW HITPOINT WARNING * * *
The kobold brigand attacks as you move away!
The kobold brigand hits you with a +0 club.
* * * LOW HITPOINT WARNING * * *
You feel yourself speed up.
You feel sick.
The killer bee stings you but does no damage.
The killer bee stings you!
* * * LOW HITPOINT WARNING * * *
You feel sick.
The orc wizard gestures wildly while chanting.
The orc wizard flickers and vanishes!
Deactivating autopickup; reactivate with Ctrl-A.
The killer bee stings you but does no damage.
The orc attacks as you move away! The orc hits you but does no damage.
Your horns disappear.
Your talons disappear.
You feel sick.
The kobold brigand throws a curare-tipped dart.
The curare-tipped dart completely misses you.
The killer bee misses you.
The killer bee attacks as you move away!
The killer bee stings you.
* * * LOW HITPOINT WARNING * * *
You are more poisoned.
The killer bee poisons you!
You howl as the wereblood boils in your veins!
You feel sick. The killer bee stings you!
You die...
Your body crumbles into a pile of gold.

.. .. . #.##. .##.. ..
#.... ......#.......
...#....##..# ..........
..#....#....###.......(.
..........# #...........
.......<..###...........
.......@....).#.........
.......yoK...##....$....
........K...........${y.
.#.>......K....."......#
#........5./........#.#
##......SKK$....$#### .
#...........###...#
##...#....oK# ##..#
###.###....#####K###


You could see a water moccasin, a kobold brigand, a killer bee, a white imp, 2
orcs and 5 kobolds.

Vanquished Creatures
  Grinder (D:6)
  Sigmund (D:4)
  A steam dragon (D:6)
  2 water moccasins
  A black bear (D:5)
  An ice beast (D:5)
  A centaur (D:7)
  A phantom (D:7)
  Blork the orc (D:4)
  A kobold brigand (D:7)
  A bullfrog (D:6)
  2 killer bees
  A howler monkey (D:5)
  4 hounds
  3 jellies
  3 gnolls (D:6)
  7 adders
  A shadow imp (D:6)
  A white imp (D:7)
  An ufetubus (D:6)
  2 worms (D:2)
  4 dart slugs
  7 orcs
  5 bats
  9 endoplasms
  2 giant cockroaches (D:4)
  13 goblins
  5 hobgoblins
  6 jackals
  3 quokkas
  9 ball pythons
  A frilled lizard (D:3)
  8 kobolds
  7 rats
116 creatures vanquished.

Vanquished Creatures (others)
  A fungus (D:5)
  8 plants (D:5)
9 creatures vanquished.

Grand Total: 125 creatures vanquished

Notes
Turn   | Place    | Note
-------+----------+-------------------------------------------
     0 | D:1      | siradein the Troll Transmuter began the quest for the Orb.
     0 | D:1      | Reached XP level 1. HP: 18/18 MP: 1/1
   107 | D:1      | Reached skill level 1 in Fighting
   139 | D:1      | Reached XP level 2. HP: 27/27 MP: 3/3
   165 | D:1      | Found Ithoic's Antique Armour Shoppe.
   204 | D:1      | Found a faded altar of an unknown god.
   679 | D:1      | Reached XP level 3. HP: 33/33 MP: 2/4
  1082 | D:2      | Learned a level 2 spell: Wereblood
  1440 | D:2      | Reached XP level 4. HP: 41/41 MP: 3/5
  1463 | D:2      | Found a bloodstained altar of Trog.
  1920 | D:3      | Found an opulent altar of Gozag.
  1936 | D:3      | Noticed a water moccasin
  1939 | D:3      | Killed a water moccasin
  1940 | D:3      | Reached XP level 5. HP: 46/49 MP: 4/6
  1949 | D:3      | Became a worshipper of Gozag Ym Sagoz the Greedy
  2109 | D:3      | Found a burning altar of Makhleb.
  2151 | D:3      | Found a hazy altar of Hepliaklqana.
  2195 | D:3      | Found a shadowy altar of Dithmenos.
  2659 | D:4      | Reached skill level 4 in Unarmed Combat
  2659 | D:4      | Reached XP level 6. HP: 56/57 MP: 6/8
  2673 | D:4      | Found a staircase to the Ecumenical Temple.
  2794 | D:4      | Noticed Blork the orc
  2804 | D:4      | Killed Blork the orc
  2991 | D:4      | Found a white marble altar of Elyvilon.
  3079 | D:4      | Noticed Sigmund
  3279 | D:5      | Entered Level 5 of the Dungeon
  3403 | D:5      | Identified the +2 pair of boots "Obangosuv" {Fly rCorr
                  | Str+3 Stlth-}
  3447 | D:5      | Found a hide-covered altar of Uskayaw.
  3497 | D:5      | Noticed an ice beast
  3505 | D:5      | Killed an ice beast
  3632 | D:5      | Reached XP level 7. HP: 63/66 MP: 7/9
  3826 | D:4      | Killed Sigmund
  3907 | D:6      | Noticed a steam dragon
  3918 | D:6      | Killed a steam dragon
  3919 | D:6      | Reached skill level 5 in Unarmed Combat
  3928 | D:6      | Reached XP level 8. HP: 67/75 MP: 11/11
  4004 | D:6      | Noticed Grinder
  4016 | D:6      | Killed Grinder
  4408 | D:6      | Found Roceiric's Book Boutique.
  4670 | D:7      | Identified the +1 robe of Understanding {Stlth+ Archmagi}
  4818 | D:7      | Slain by a killer bee

Illustrated notes

Levels and vault maps discovered:
D:1:      sevenhm_arrival_forest_fort_large_2, layout_basic,
          dilly_ecumenical_altar_fadedgnrine, serial_shops,
          nicolae_shop_hallway_stairs, minmay_tetromino_s4
D:2:      layout_loops_cross, basic_altar
D:3:      layout_rooms, lemuel_doored_altar, lightli_temple_of_fire,
          grunt_dithmenos_smoke_and_mirrors,
          mainiacjoe_overflow_six_doors_small, dreamdust_princess_bridge,
          kennysheep_generic_room_16
D:4:      layout_cave_pools, kennysheep_mini_moat,
          minmay_temple_entry_from_below_a, uniq_sigmund, uniq_blork_the_orc
D:5:      layout_rooms, mainiacjoe_overflow_chevrons, serial_curves,
          eino_curves_03, eino_curves_02
D:6:      layout_loops_ring, serial_shops, kennysheep_little_box, uniq_grinder
D:7:      layout_cave_pools

Skill      XL: |  1  2  3  4  5  6  7  8 |
---------------+-------------------------+-----
Fighting       | 1 2 3 4 |  4.1
Dodging        | 2 3 4 |  4.4
Transmutations | 2 3 4 |  4.0
Spellcasting   | 2 3 |  3.4
Unarmed Combat | 4 5 |  5.8

Action                   |  1- 3 |  4- 6 |  7- 9 || total
-------------------------+-------+-------+-------++-------
Melee: Unarmed           |    83 |   109 |    97 ||   289
       Headbutt          |     8 |     6 |     6 ||    20
       Punch             |     5 |     4 |     2 ||    11
       Kick              |     5 |    17 |    20 ||    42
 Cast: Beastly Appendage |    20 |    25 |    12 ||    57
       Wereblood         |       |       |     4 ||     4
  Use: Scroll            |       |       |     4 ||     4
 Stab: Sleeping          |     1 |     1 |       ||     2
       Distracted        |       |       |     1 ||     1
Armor: Robe              |    30 |    25 |    37 ||    92
Dodge: Dodged            |    36 |    49 |    80 ||   165

Table legend: (Time is in decaauts)
 A = Elapsed time spent in this place.
 B = Non-inter-level travel time spent in this place.
 C = Inter-level travel time spent in this place.
 D = Time resting spent in this place.
 E = Time spent auto-exploring this place.
 F = Levels seen in this place.
 G = Mean time per level.
                   A        B        C        D        E       F      G
               +--------+--------+--------+--------+--------+-----+--------+
         Total |   4802 |   4493 |    309 |      7 |   3728 |   7 |  686.0 |
       Dungeon |   4802 |   4493 |    309 |      7 |   3728 |   7 |  686.0 |
               +--------+--------+--------+--------+--------+-----+--------+

Top non-repeatable levels by time:
     D:1: 1067 daAuts
     D:6: 826 daAuts
     D:2: 797 daAuts
     D:3: 750 daAuts
     D:4: 679 daAuts
     D:5: 553 daAuts
     D:7: 127 daAuts
